 Dungeon Crawl Stone Soup version 0.25-a0-73-g9796ba8d15 (webtiles) character file.

Game seed: 10779672587934909308, levelgen mode: deterministic

251 MrRokkomies the Skirmisher (level 6, 0/56 HPs)
             Began as a Ghoul Monk on Nov 5, 2019.
             Slain by an ogre
             ... wielding a +0 giant club
              (12 damage)
             ... on level 3 of the Dungeon.
             The game lasted 00:04:59 (1572 turns).

MrRokkomies the Skirmisher (Ghoul Monk)             Turns: 1572, Time: 00:05:00

Health: 0/56       AC: 11    Str: 17    XL:     6   Next: 13%
Magic:  6/6        EV:  7    Int:  5    God:
Gold:   89         SH:  0    Dex: 11    Spells: 5/5 levels left

rFire    . . .     SeeInvis .     - Unarmed
rCold    + . .     Gourm    .   (no shield)
rNeg     + + +     Faith    .   j - +3 chain mail
rPois    ∞         Spirit   .   (no helmet)
rElec    .         Reflect  .   n - scarf {repulsion}
rCorr    .         Harm     .   (no gloves)
MR       .....                  (no boots)
Stlth    ..........             (no amulet)
HPRegen  0.00/turn              (no ring)
MPRegen  0.10/turn              (no ring)

@: rotting, repel missiles
A: rotting body, claws 1, carnivore, cold resistance 1, negative energy
resistance 3, inhibited regeneration, torment resistance, unbreathing
a: no special abilities


You were on level 3 of the Dungeon.
You were not hungry.

You visited 1 branch of the dungeon, and saw 3 of its levels.

You collected 89 gold pieces.

Inventory:

Missiles
 m - 7 poisoned darts (quivered)
Armour
 j - a +3 chain mail (worn)
 n - a scarf of repulsion (worn)
Jewellery
 e - an uncursed ring of fire
Wands
 h - a wand of acid (5)
Scrolls
 c - a scroll of enchant weapon
 d - a scroll of identify
 k - 2 scrolls of immolation
Potions
 f - 2 potions of curing
Comestibles
 b - 4 rations


   Skills:
 * Level 5.4 Fighting
 - Level 2.6 Dodging
 - Level 2.1 Stealth
 * Level 5.3 Unarmed Combat
 + Level 1.6 Evocations


You had 5 spell levels left.
You didn't know any spells.
Your spell library was empty.

Dungeon Overview and Level Annotations

Branches:
Dungeon (3/15)

Altars:


Innate Abilities, Weirdness & Mutations

Your body is rotting away.
You thrive on raw meat.
You are immune to poison.
You have sharp fingernails.
You are carnivorous and can eat meat at any time.
Your flesh is cold resistant. (rC+)
You are immune to negative energy. (rN+++)
You do not regenerate when monsters are visible.
You are immune to unholy pain and torment.
You can survive without breathing.


Message History

A frilled lizard comes into view.
You scratch the ogre but do no damage.
The ogre is lightly wounded.
The ogre barely misses you.
You scratch the ogre.
The ogre is moderately wounded.
The ogre closely misses you.
You claw the ogre!
The ogre is heavily wounded.
The ogre hits you with a +0 giant club!
* * * LOW HITPOINT WARNING * * *
You scratch the ogre.
The ogre is severely wounded.
You closely miss the ogre.
The ogre is severely wounded.
The ogre barely misses you.
You closely miss the ogre.
The ogre is severely wounded.
The ogre hits you with a +0 giant club!
You die...

#.. #(# #(.
#l# #r# #g#
#O# #@#
##.#########
#.).........
#.<#########
.........#
.##.#.....#
# ##...##
##.## #.#


You could see an ogre, a hobgoblin, a frilled lizard and a rat.

Vanquished Creatures
  Sigmund (D:2)
  An orc wizard (D:3)
  An adder (D:2)
  2 oozes
  A dart slug (D:2)
  5 leopard geckos
  3 orcs (D:3)
  4 bats
  4 hobgoblins
  3 frilled lizards
  4 goblins
  6 kobolds
35 creatures vanquished.

Notes
Turn   | Place    | Note
-------+----------+-------------------------------------------
     0 | D:1      | MrRokkomies the Ghoul Monk began the quest for the Orb.
     0 | D:1      | Reached XP level 1. HP: 19/19 MP: 0/0
   149 | D:1      | Reached XP level 2. HP: 26/26 MP: 1/1
   540 | D:2      | Reached XP level 3. HP: 31/33 MP: 2/2
  1126 | D:2      | Noticed Sigmund
  1159 | D:2      | Killed Sigmund
  1159 | D:2      | Reached skill level 5 in Fighting
  1159 | D:2      | Reached skill level 5 in Unarmed Combat
  1159 | D:2      | Reached skill level 1 in Evocations
  1159 | D:2      | Reached XP level 4. HP: 21/42 MP: 2/4
  1159 | D:2      | Reached XP level 5. HP: 24/48 MP: 2/5
  1550 | D:3      | Reached XP level 6. HP: 42/56 MP: 6/6
  1572 | D:3      | Slain by an ogre

Levels and vault maps discovered:
D:1:      dpeg_arrival_ternary, layout_rooms
D:2:      layout_loops_corners, first_ration, bh_walls_and_bars, uniq_sigmund
D:3:      layout_loops_corners, minmay_fractal_squares_diagonal_5

Skill      XL: |  1  2  3 |
---------------+----------+-----
Unarmed Combat | 5 |  5.3
Fighting       | 5 |  5.4
Evocations     | 1 |  1.6
Dodging        | |  2.6
Stealth        | |  2.1

Action                   |  1- 3 |  4- 6 || total
-------------------------+-------+-------++-------
Melee: Unarmed           |   103 |    25 ||   128
       Punch             |     2 |       ||     2
Throw: Dart              |     7 |     4 ||    11
  Use: Scroll            |     5 |     3 ||     8
 Stab: Sleeping          |     5 |       ||     5
  Eat: Chunk             |    10 |     3 ||    13
Armor: Robe              |     4 |       ||     4
       Chain mail        |    24 |     4 ||    28
Dodge: Dodged            |    42 |    10 ||    52

Table legend:
 A = Non-vault XP
 B = Vault XP
 C = Vault XP percentage of total XP
 D = Non-vault monster count
 E = Vault monster count
 F = Vault count percentage of total count
                 A         B        C        D         E       F
            +---------+---------+-------+---------+---------+-------
      Total |     128 |     231 |  64.3 |      34 |       1 |   2.9
            +---------+---------+-------+---------+---------+-------
        D:1 |      32 |       0 |   0.0 |      15 |       0 |   0.0
        D:2 |      47 |     231 |  83.1 |      15 |       1 |   6.2
        D:3 |      49 |       0 |   0.0 |       4 |       0 |   0.0
            +---------+---------+-------+---------+---------+-------
